 Dungeon Crawl Stone Soup version 0.28.0-53-g5a82cb258f (webtiles) character file.

Game seed: 15319619979057153090

2 tizbic2 the Vexing (level 1, -3/10 HPs)
             Began as a Vampire Enchanter on Aug 3, 2022.
             Slain by a quokka (5 damage)
             ... on level 1 of the Dungeon.
             The game lasted 00:00:57 (84 turns).

tizbic2 the Vexing (Vampire Enchanter)                Turns: 84, Time: 00:00:57

Health: -3/10      AC:  2    Str:  7    XL:     1   Next: 25%
Magic:  3/3        EV: 12    Int: 17    God:
Gold:   13         SH:  0    Dex: 14    Spells: 4/4 levels left

rFire   . . .      SeeInvis +   a - +1 dagger
rCold   + + .      Faith    .   (no shield)
rNeg    + + +      Spirit   .   b - +0 robe
rPois   ∞          Reflect  .   (no helmet)
rElec   .          Harm     .   (no cloak)
rCorr   .          Rampage  .   (no gloves)
Will    .....                   (no boots)
Stlth   +++++.....              (no amulet)
HPRegen 0.00/turn               (no ring)
MPRegen 0.08/turn               (no ring)

@: bloodless, inhibited regen
A: bloodless, fangs 3, see invisible, vampiric 1
a: Revivify


You were on level 1 of the Dungeon.
You visited 1 branch of the dungeon, and saw 1 of its levels.

You collected 13 gold pieces.

Inventory:

Hand Weapons
 a - a +1 dagger (weapon)
Missiles
 d - 8 stones (quivered)
Armour
 b - a +0 robe (worn)
Scrolls
 e - a scroll of teleportation {unknown}
Potions
 c - a potion of invisibility


   Skills:
 * Level 1.2 Short Blades
 - Level 2.1 Dodging
 * Level 4.4 Stealth
 + Level 2.0 Spellcasting
 + Level 4.4 Hexes


You had 4 spell levels left.
You didn't know any spells.
Your spell library contained the following spells:

 Spells                   Type           Power      Damage    Failure   Level
 Confusing Touch          Hex            16%        N/A       10%         3
 Tukima's Dance           Hex            16%        N/A       10%         3
 Ensorcelled Hibernation  Hex/Ice        18%        N/A       12%         2
 Dazzling Flash           Conj/Hex       18%        N/A       24%         3


Dungeon Overview and Level Annotations

Branches:
Dungeon (1/15)

Altars:


Innate Abilities, Weirdness & Mutations

You do not regenerate when monsters are visible.
You are frail without blood (-20% HP).
You can heal yourself when you bite living creatures.
You are immune to poison.
You have razor-sharp teeth.
You have supernaturally acute eyesight. (SInv)
You are afflicted with vampirism.


Message History

There is a fountain of clear blue water here.
Okay, then.
You don't know any spells.
Okay, then.
Okay, then.
You begin bloodletting.
You continue bloodletting. x5
HP restored.
You become bloodless.
Found 8 stones.
You see here 8 stones.
d - 8 stones
Found a stone staircase leading down.
There is a stone staircase leading down here.
A ball python comes into view.
Found a scroll labelled LUOROS XATHUBE.
A rat comes into view.
The helpless ball python fails to defend itself.
You bite the ball python, and draw its blood!
You impale the ball python!!
You kill the ball python!
e - a scroll labelled LUOROS XATHUBE A quokka comes into view.
The rat closely misses you.
You hit the rat.
The rat is moderately wounded.
The rat bites you.
The rat twitches its whiskers.
The rat barely misses you. The rat misses you.
You closely miss the quokka. The rat bites you. The quokka bites you.
* * * LOW HITPOINT WARNING * * *
You hit the rat but do no damage.
The rat is moderately wounded.
The quokka bites you.
* * * LOW HITPOINT WARNING * * *
You hit the rat.
You kill the rat!
The quokka barely misses you.
You hit the quokka but do no damage. The quokka bites you.
Ouch! That really hurt!
You die...

#. #. #.## #..# #...
#..#### #..#### ##..#...
#..... .......
######..r#########..#...
.......@............##.#
######...###### #...##.#
#........########.......
#.#####..#...>......##..
#....###########.#
#....# ##.#..#...#
####.# #...#....##
##.###...######.
#...###..#...##.


You could see a quokka.

Vanquished Creatures
  A ball python (D:1)
  A rat (D:1)
2 creatures vanquished.

Notes
Turn   | Place    | Note
-------+----------+-------------------------------------------
     0 | D:1      | tizbic2 the Vampire Enchanter began the quest for the Orb.
     0 | D:1      | Reached XP level 1. HP: 13/13 MP: 3/3
    84 | D:1      | Slain by a quokka

Illustrated notes

Levels and vault maps discovered:
D:1:      dpeg_arrival_three_same_balls, layout_loops_ring, serial_forest,
          infiniplex_forest_straight_4, infiniplex_forest_corner_2,
          infiniplex_forest_zigzag_2, infiniplex_forest_lined_1,
          infiniplex_forest_lined_room_2, infiniplex_forest_side_room,
          minmay_worlds_worst_comb

Action                   || total
-------------------------++-------
Melee: Dagger            ||     6
 Abil: Exsanguinate      ||     1
 Stab: Sleeping          ||     1
Dodge: Dodged            ||     4
